zoologist, lawful male human Archeologist --- --- --- * - --.-------- ---- ---.|.-- --.-- $ ---.--..........-- |...|---- --- --......- --)..| --...........--...| $ $ |...--..| --.- |........ -....| |............--..-- |.-#....| $ * |...||-...... |..)..---- --.............-- $ |.|--...| $ |...--........|.|....|.-- --............| |.| --..| $ --.........*.....| -....| ---.--........(-- $ |.| -.| * $ |...---........).--- --.--- |...||.....---..| |.|-- |.| $ |..-- |............| ----.- ---.--- -....--->.| ----.|.--|.| |..|.|--.).........| --...--|...| ---..|...-- ----.|......|.| |....| |........--- ----.....--.--- |.......- --.|.(.........| |.--.| --.....@.| |...........| ----.....| |............|.-- --- |.|--- -....!a-| |.........---- --....| --..........-|...|-.-- |.| |.....)[.--- --........|.---- ####..--- |.........-- --.|....| |.| --.....[...-- |-..........|.-- # ---- .....|...| |......-------.| --...)...)...#--#..--%-........| *# ..... ...| ---.........|..#####......................^.--.|.-- ....- ...| ---....|....| --..----.....------------------ --- ---- |...-- ---- --.--- $ ---- --- zoologist the Investigator Experience level: 8 Strength: 11 Dexterity: 15 Constitution: 14 Intelligence: 18 Wisdom: 13 Charisma: 9 Health: 0(58) Energy: 10(35) Def: 12 Gold: 2952 Moves: 6815 Dungeon seed: ueGSltFAmlsxW6l5 Game ID: zoologist_1523379627 Your Inventory: Coins $ - 2952 gold pieces Armor n - a cursed +0 cloak of displacement (being worn) y - an uncursed +1 pair of iron shoes (being worn) R - an uncursed +0 dwarvish iron helm (being worn) Y - a blessed +0 dwarvish mithril-coat (being worn) Comestibles b - 5 uncursed food rations Scrolls E - a cursed scroll of enchant weapon Potions T - an uncursed potion of gain ability Rings k - an uncursed ring of protection from shape changers (on left hand) O - an uncursed ring of see invisible Wands d - a wand of create monster (0:12) o - a wand of fire (0:6) A - a wand of slow monster (0:1) U - a wand of sleep (0:5) Tools c - a +1 pick-axe (weapon in hand) h - an uncursed brass lantern (lit) (0:1074) v - a cursed magic marker (0:3) w - a cursed magic marker (0:24) x - a cursed magic whistle C - an uncursed credit card G - a magic marker (0:63) K - a magic marker (0:93) Gems e - 2 uncursed aquamarine stones g - an uncursed turquoise stone i - an uncursed citrine stone q - an uncursed touchstone r - an uncursed jet stone N - an uncursed jasper stone V - an uncursed luckstone X - an uncursed garnet stone Spells and supernatural/magical abilities: Name Level Category Fail Memory s - slow monster 2 enchantment 100% 76% E - detect food 2 divination 100% 92% W - pray for help -- divine ? -- Your skills at the end: Fighting Skills Weapon Skills pick-axe [Skilled] whip [Basic] Spellcasting Skills Final Attributes: You were piously aligned. You were displaced. You were stealthy. You were protected from shape changers. You were fast. You were very lucky. You had extra luck. Bad luck did not time out for you. Good luck did not time out for you. You are dead. Vanquished creatures: a ghost a giant spider a horse a gnome king a dwarf mummy 2 brown puddings a gold golem a werewolf a lizard 2 jaguars a dwarf lord a raven 3 apes a human zombie 3 Woodland-elves an imp 2 water nymphs an Uruk-hai 3 rock piercers a pony 2 fog clouds a yellow light a shrieker a violet fungus 10 gnome lords 2 gnomish wizards a golden naga hatchling a paper golem a baby crocodile 6 giant ants a little dog 2 kittens 2 dwarves 2 homunculi 3 kobold lords a kobold shaman 2 centipedes 3 giant bats 8 monkeys 2 orc zombies 3 iguanas 4 killer bees an acid blob 3 coyotes a gas spore 4 hobbits 14 manes a large kobold 3 giant rats 3 cave spiders a yellow mold a red mold 36 gnomes 8 garter snakes a gnome zombie 8 jackals 2 foxes a kobold 3 goblins 3 sewer rats 7 grid bugs 3 bats 5 lichens 3 kobold zombies 8 newts 208 creatures vanquished. Voluntary challenges: You were an atheist. You used a wielded weapon 345 times, starting on turn 16. You read items or engraved 22 times, starting on turn 618. You never genocided any monsters. You never polymorphed an object. You never changed form. You used no wishes. You split 4 puddings, starting on turn 5172. You never wrote Elbereth's name. You violated your moral code, losing 50 points of alignment, starting on turn 2349. Dungeon overview: The Dungeons of Doom: levels 1 to 5 Level 1 an altar to Huhetotl a long staircase Level 2 a fountain stairs to The Gnomish Mines Level 3 Level 4 a sink Level 5 many fountains The Gnomish Mines: levels 3 to 8 Level 3 stairs to The Dungeons of Doom Level 4 Level 5 some shops, a temple to Huhetotl, some fountains, a sink Level 6 Level 7 <- You were here Level 8 History has recorded: On T:1 you entered the Dungeons of Doom to retrieve the Amulet of Yendor! On T:305 you reached level 2 of The Dungeons of Doom. On T:516 you advanced to experience level 2. On T:802 you reached level 3 of The Dungeons of Doom. On T:1091 you reached level 4 of The Dungeons of Doom. On T:1096 you reached level 5 of The Dungeons of Doom. On T:1134 you advanced to experience level 3. On T:1561 you advanced to experience level 4. On T:2349 you advanced to experience level 5. On T:2940 you reached level 1 of The Gnomish Mines. On T:3289 you advanced to experience level 6. On T:3673 you reached level 2 of The Gnomish Mines. On T:4054 you reached level 3 of The Gnomish Mines. On T:4279 you advanced to experience level 7. On T:4631 you reached level 4 of The Gnomish Mines. On T:5035 you reached level 5 of The Gnomish Mines. On T:5625 you advanced to experience level 8. On T:6131 you reached level 6 of The Gnomish Mines. Score breakdown: Gold: 2952 (11804 points) Experience: 8 levels (14739 points) Exploration: 8 levels ( 15.38%) (11114 points) Discoveries: 40 items ( 13.47%) (11009 points) Valuables value: (no points given unless you survive) Artifact value: 0 ( 0 points) Variety of kills: 65 monsters ( 17.06%) (12391 points) Turncount: 6815 turns (-1812 points) Survival: died (score multiplied by 80%) Total score: 47396 Latest messages: The soldier ant strikes at your displaced image and misses you! (2x) There are a few objects here. The soldier ant strikes at your displaced image and misses you! (2x) You hit the soldier ant. The soldier ant turns to flee! The soldier ant strikes at your displaced image and misses you! (2x) You see here an elven mithril-coat. You hit the soldier ant. The soldier ant seems to be moving slower. The soldier ant strikes at your displaced image and misses you! (2x) You hear a nearby zap. The sleep ray hits you! It bites! It stings! It bites! It just misses! It misses. (2x) It bites! It stings! It bites! The combat suddenly awakens you. The soldier ant stings! The soldier ant's sting was poisoned! You die... Final status: Goodbye zoologist the Archeologist, poisoned by a soldier ant... You died in The Gnomish Mines on dungeon level 7 with 47396 points, and 2952 pieces of gold, after 6815 moves. You were level 8 with a maximum of 58 hit points when you died.